 Dungeon Crawl Stone Soup version 0.29-a0-275-g389c0b56f3 (webtiles) character file.

Game seed: 10719532444057354390

79 IdlyInterested the Poker (level 4, -11/49 HPs)
             Began as a Demonspawn Gladiator on Mar 10, 2022.
             Mangled by a gnoll
             ... wielding a +0 halberd
              (12 damage)
             ... on level 3 of the Dungeon.
             The game lasted 00:05:05 (1693 turns).

IdlyInterested the Poker (Demonspawn Gladiator)     Turns: 1693, Time: 00:05:06

Health: -11/49     AC: 22    Str: 17    XL:     4   Next: 16%
Magic:  4/4        EV:  2    Int: 11    God:
Gold:   109        SH:  0    Dex: 14    Spells: 3/3 levels left

rFire   . . .      SeeInvis .   a - +0 trident (vamp)
rCold   . . .      Faith    .   (no shield)
rNeg    . . .      Spirit   .   (body armour currently unavailable)
rPois   +          Reflect  .   (helmet currently unavailable)
rElec   .          Harm     .   (cloak currently unavailable)
rCorr   .          Rampage  .   (gloves currently unavailable)
Will    .....      NoTele   +   (boots currently unavailable)
Stlth   ++........              (no amulet)
HPRegen 0.16/turn               (no ring)
MPRegen 0.09/turn               (no ring)

@: tree-form
A: stationary, stasis, torment immunity, boosted hp, big brain 1, demonic magic
1
a: no special abilities


You were on level 3 of the Dungeon.
You were a tree.
You visited 1 branch of the dungeon, and saw 3 of its levels.

You collected 122 gold pieces.
You spent 13 gold pieces at shops.

Inventory:

Hand Weapons
 a - a +0 vampiric trident (weapon)
Missiles
 d - 3 throwing nets
 e - a javelin
 f - 87 stones (quivered)
 k - 8 poisoned darts
Armour
 b - a +1 leather armour (melded)
 c - a +0 helmet (melded)
Wands
 i - a wand of mindburst (18)
Scrolls
 g - a scroll of fear
 h - a scroll of teleportation
 l - 3 scrolls of enchant armour


   Skills:
 - Level 2.0 Fighting
 + Level 4.1 Polearms
 - Level 1.7 Throwing
 - Level 1.0 Armour
 - Level 2.6 Dodging
 - Level 1.0 Stealth
 * Level 0.8 Evocations


You had 3 spell levels left.
You didn't know any spells.
Your spell library was empty.

Dungeon Overview and Level Annotations

Branches:
Dungeon (3/15)

Altars:
The Shining One

Shops:
D:2 !


Innate Abilities, Weirdness & Mutations

You are a tree.
Your roots penetrate the ground, keeping you stationary.
You cannot be teleported.
You are immune to unholy pain and torment.
Your maximum health is greatly increased.
Your equipment is partially melded.
You have an unusually large brain. (Int +2)
Spells you cast may paralyse adjacent enemies.


Message History

The gnoll shouts! x2
The gnoll misses you.
You barely miss the gnoll. The gnoll hits you with a +0 halberd!
You hit the gnoll.
You feel better.
The gnoll is moderately wounded.
The gnoll closely misses you. The gnoll hits you with a +0 halberd!
You hit the gnoll but do no damage.
The gnoll is moderately wounded.
You puncture the gnoll!
You feel better.
The gnoll is heavily wounded.
The gnoll closely misses you.
You closely miss the gnoll.
The gnoll is heavily wounded.
The gnoll hits you with a +0 club. The gnoll closely misses you.
You barely miss the gnoll.
The gnoll is heavily wounded.
The gnoll hits you from afar with a +0 halberd!
The gnoll hits you with a +0 club.
You barely miss the gnoll.
The gnoll is heavily wounded.
The gnoll barely misses you. The gnoll misses you.
You puncture the gnoll!
You feel better.
The gnoll is almost dead.
The gnoll barely misses you. The gnoll hits you with a +0 club.
* * * LOW HITPOINT WARNING * * *
You hit the gnoll.
You feel better.
You kill the gnoll!
The gnoll misses you. The gnoll hits you with a +0 halberd!
* * * LOW HITPOINT WARNING * * *
Things that are here:
a +0 club; a gnoll corpse Really quaff the potion of lignification?
You turn into a tree.
Your +0 helmet melds into your body.
Your +1 leather armour melds into your body.
Your roots penetrate the ground.
The gnoll hits you but does no damage.
You barely miss the gnoll.
The gnoll is lightly wounded.
The gnoll hits you with a +0 halberd!
You die...

##... #....# #
#._.g# .#
#....# ..#
#...# ...#
#.g.# ....#
#..######.....#
#..gg♣.........
#..######.....#
#..# ....#
##.## ...# #..#
### ##.###
#...# #.#.##
#.###....##
#.#..#
...........


You could see 2 gnolls.

Vanquished Creatures
  A gnoll (D:3)
  3 adders (D:2)
  A bat (D:1)
  2 endoplasms (D:2)
  5 giant cockroaches
  4 goblins
  3 hobgoblins (D:3)
  7 kobolds
  8 ball pythons
  3 frilled lizards
  4 rats
41 creatures vanquished.

Notes
Turn   | Place    | Note
-------+----------+-------------------------------------------
     0 | D:1      | IdlyInterested the Demonspawn Gladiator began the quest for
                  | the Orb.
     0 | D:1      | Reached XP level 1. HP: 16/16 MP: 1/1
    71 | D:1      | Reached skill level 3 in Polearms
   212 | D:1      | Gained mutation: You have an unusually large brain. (Int
                  | +2) [demonic ancestry]
   212 | D:1      | Reached XP level 2. HP: 22/22 MP: 2/2
   458 | D:1      | Reached skill level 1 in Armour
  1186 | D:2      | Found Biutacza's Distillery.
  1200 | D:2      | Gained mutation: Spells you cast may paralyse adjacent
                  | enemies. [demonic ancestry]
  1200 | D:2      | Reached XP level 3. HP: 24/27 MP: 3/3
  1274 | D:2      | Reached skill level 1 in Stealth
  1490 | D:2      | Bought a potion of degeneration for 13 gold pieces
  1640 | D:3      | Reached skill level 4 in Polearms
  1656 | D:3      | Reached XP level 4. HP: 33/33 MP: 4/4
  1691 | D:3      | HP: 1/33 [gnoll/+0 halberd (10)]
  1693 | D:3      | Mangled by a gnoll

Illustrated notes

Levels and vault maps discovered:
D:1:      dreamdust_arrival_beginning_and_end, layout_basic
D:2:      layout_rooms, serial_shops, shop, serial_glass, glass_columns_b,
          glass_columns_b
D:3:      layout_rooms, grunt_temple_overflow_magic_moments, slow_altar_2,
          mainiacjoe_overflow_catch_the_wave, serial_shops, shop

Skill      XL: |  1  2  3 |
---------------+----------+-----
Polearms       | 3 4 |  4.1
Armour         | 1 |  1.0
Stealth        | 1 |  1.0
Fighting       | |  2.0
Throwing       | |  1.7
Dodging        | |  2.6
Evocations     | |  0.8

Action                   |  1- 3 |  4- 6 || total
-------------------------+-------+-------++-------
Melee: Trident           |    98 |    10 ||   108
Throw: Stone             |    20 |       ||    20
  Use: Scroll            |     7 |       ||     7
       Potion            |     3 |     1 ||     4
 Stab: Sleeping          |     2 |       ||     2
Armor: Leather armour    |    27 |       ||    27
       Skin              |       |     1 ||     1
Dodge: Dodged            |    52 |     8 ||    60

Table legend: (Time is in decaauts)
 A = Elapsed time spent in this place.
 B = Non-inter-level travel time spent in this place.
 C = Inter-level travel time spent in this place.
 D = Time resting spent in this place.
 E = Time spent auto-exploring this place.
 F = Levels seen in this place.
 G = Mean time per level.
                   A        B        C        D        E       F      G
               +--------+--------+--------+--------+--------+-----+--------+
         Total |   1719 |   1673 |     46 |    355 |    915 |   3 |  573.0 |
       Dungeon |   1719 |   1673 |     46 |    355 |    915 |   3 |  573.0 |
               +--------+--------+--------+--------+--------+-----+--------+

Top non-repeatable levels by time:
     D:1: 875 daAuts
     D:2: 635 daAuts
     D:3: 207 daAuts
